Map: Coda EJ

Players

Xandros - Winner!

  • Race: Zerg Zerg
  • Spawn Location: 11:00

IA (Medio) 1

  • Race: Terran Terran
  • Spawn Location: 5:00

VOD

Have the link to the VOD?

Description

Time

  • Played on: Nov. 25, 2015, 4:42 a.m.
  • Length: 13:42
Show
View Real Time Build Order
Export as new Build Order

Xandros Zerg - Winner!

Build Orders: Pool First 

Get SALT Encoding   

  12  0:04  Drone  
  13  0:18  Drone  
  13  0:20  Overlord  
  14  0:43  Drone x3  
  17  0:54  Drone  
  18  1:04  Spawning Pool  
  17  1:19  Drone x2  
  17  1:20  Hatchery  
  17  1:24  Extractor  
  17  1:26  Drone  
  18  1:37  Drone  
  19  1:59  Extractor  
  19  2:00  Drone x2  
  20  2:02  Queen  
  22  2:09  Overlord  
  22  2:29  Drone  
  23  2:31  Overlord  
  23  2:48  Overlord x2  
  23  2:52  Queen  
  23  2:54  Drone  
  26  3:04  Queen  
  28  3:06  Zergling x4  
  28  3:07  Zergling x2  
  31  3:16  Drone  
  31  3:17  Drone  
  31  3:19  Drone  
  34  3:24  Metabolic Boost  
  34  3:31  Baneling Nest  
  33  3:38  Spine Crawler  
  32  3:49  Drone x3  
  32  3:50  Lair  
  35  3:57  Drone x2  
  35  3:59  Drone  
  38  4:11  Drone  
  38  4:12  Drone x2  
  38  4:13  Drone  
  42  4:19  Extractor  
  38  4:50  Zergling x2  
  38  4:51  Zergling x10  
  42  5:22  Drone x2  
  42  5:23  Drone  
  45  5:29  Spine Crawler  
  45  5:34  Zergling x2  
  45  5:35  Zergling x4  
  47  5:42  Centrifical Hooks  
  47  6:01  Evolution Chamber  
  47  6:04  Evolution Chamber  
  45  6:07  Drone x2  
  47  6:11  Drone x2, Hydralisk Den  
  47  6:12  Drone x3  
  51  6:18  Overlord  
  51  6:19  Overlord  
  51  6:24  Overseer  
  51  6:36  Queen  
  51  6:38  Zerg Ground Armor Level 1  
  51  6:39  Zerg Missile Weapons Level 1  
  53  6:58  Spire  
  53  6:59  Muscular Augments  
  52  7:06  Hydralisk x3  
  52  7:07  Hydralisk  
  60  7:13  Roach Warren  
  59  7:41  Hydralisk  
  59  7:42  Hydralisk x2  
  65  7:45  Hydralisk  
  65  7:50  Overseer  
  67  7:55  Overlord x2  
  67  7:56  Overlord  
  67  8:01  Extractor  
  66  8:16  Drone  
  66  8:17  Drone x2  
  69  8:25  Hatchery  
  68  8:29  Zerg Flyer Weapons Level 1  
  68  8:31  Pneumatized Carapace  
  68  8:32  Infestation Pit  
  67  8:37  Burrow  
  67  8:47  Roach x3  
  67  8:48  Roach x9  
  91  8:52  Overlord x3  
  91  9:01  Zerg Missile Weapons Level 2  
  85  9:44  Queen  
  87  9:47  Drone, Queen  
  90  9:59  Drone x4  
  95  10:00  Drone  
  95  10:01  Zerg Ground Armor Level 2  
  95  10:23  Zerg Flyer Armor Level 1  
  95  10:24  Mutalisk  
  95  10:25  Mutalisk x5  
  107  11:03  Zergling x8  
  107  11:04  Zergling x8  
  103  11:10  Ravager x3  
  108  11:12  Ravager  
  108  11:13  Ravager  
  108  11:15  Ravager  
  108  11:16  Ravager  
  111  12:06  Drone  
  111  12:07  Drone x3  
  115  12:09  Mutalisk  
  115  12:10  Mutalisk x2  
  115  12:43  Mutalisk x4  
Show
View Real Time Build Order
Export as new Build Order

IA (Medio) 1 Terran 

Build Orders:  

Get SALT Encoding   

  12  0:00  SCV  
  13  0:13  SCV  
  14  0:19  Supply Depot  
  14  0:25  SCV  
  15  0:41  SCV  
  16  0:45  Barracks  
  16  0:51  Refinery  
  16  0:53  SCV  
  17  1:05  SCV  
  18  1:17  Supply Depot  
  18  1:32  Barracks Tech Lab  
  18  1:35  Orbital Command  
  18  1:47  Barracks  
  18  1:51  Marauder  
  20  2:10  Supply Depot  
  20  2:11  Marine  
  20  2:12  SCV  
  22  2:21  Refinery  
  22  2:24  SCV  
  22  2:29  Marine  
  24  2:34  Engineering Bay, Marine  
  24  2:37  SCV  
  26  2:48  Marauder  
  26  2:49  SCV  
  29  2:51  Marine  
  30  3:01  SCV  
  31  3:13  SCV  
  32  4:11  SCV, Barracks Tech Lab, Marine  
  32  4:12  Missile Turret  
  32  4:15  Missile Turret  
  32  4:16  Supply Depot  
  34  4:23  SCV  
  35  4:29  Marine  
  35  4:30  Barracks  
  36  4:35  Bunker  
  36  4:40  Factory  
  36  4:42  Supply Depot  
  36  4:45  Command Center  
  36  4:58  Marine  
  31  5:12  Marauder  
  31  5:24  Marine  
  31  5:25  Factory Tech Lab, Starport  
  32  5:37  Marine  
  33  5:46  Sensor Tower  
  33  5:50  Marine  
  34  5:57  SCV  
  34  6:00  SCV  
  34  6:03  Marauder  
  38  6:07  Refinery, Starport Tech Lab  
  38  6:09  SCV  
  38  6:10  Missile Turret  
  39  6:12  SCV, Missile Turret  
  39  6:13  Armory  
  39  6:15  Barracks Reactor, Refinery  
  39  6:16  Siege Tank  
  43  6:22  SCV  
  43  6:25  SCV  
  45  6:27  Raven  
  45  6:32  Bunker  
  47  6:34  SCV  
  47  6:37  SCV  
  49  6:46  SCV  
  50  6:48  Cyclone  
  50  6:49  SCV  
  54  6:58  SCV  
  54  7:01  SCV  
  56  7:10  SCV, Raven  
  56  7:13  SCV  
  60  7:22  SCV  
  61  7:25  SCV  
  61  7:29  Supply Depot  
  62  7:34  SCV  
  63  7:37  SCV  
  64  7:46  SCV  
  64  7:49  SCV  
  66  7:58  SCV  
  66  8:01  SCV  
  68  8:26  Marauder, Medivac  
  68  8:27  Stimpack  
  72  8:28  Combat Shields, Factory  
  72  8:31  Starport  
  72  8:33  Terran Infantry Weapons Level 1, Supply Depot, Marauder  
  74  8:43  Ghost Academy  
  74  8:50  Command Center  
  74  8:55  Marine  
  75  8:56  Medivac  
  75  8:57  Supply Depot  
  75  9:01  Marine  
  78  9:08  Marine  
  75  9:10  Starport Tech Lab, Fusion Core  
  75  9:13  Factory Tech Lab  
  75  9:14  Marine  
  62  9:21  Marine  
  62  9:22  Supply Depot  
  63  9:26  Raven  
  63  9:28  Raven, Marine  
  68  9:35  Marauder  
  70  9:40  Marine  
  70  9:45  Engineering Bay  
  71  9:46  Concussive Shells  
  71  9:47  Supply Depot  
  71  9:48  Marauder  
  73  9:53  Armory, Marine  
  74  10:00  Marine  
  74  10:03  SCV  
  74  10:06  SCV  
  77  10:09  SCV, Marauder  
  77  10:10  Terran Infantry Armor Level 1  
  77  10:13  Command Center  
  79  10:15  SCV  
  79  10:18  Marauder  
  79  10:19  Marine  
  83  10:22  Missile Turret  
  83  10:25  SCV  
  83  10:26  Marine  
  82  10:29  SCV  
  82  10:32  SCV  
  82  10:33  Marine  
  82  10:37  SCV  
  82  10:40  Marauder  
  82  10:41  SCV  
  85  10:45  SCV  
  85  10:49  SCV  
  79  10:50  Ghost  
  79  10:53  SCV, Siege Tank  
  79  10:57  SCV  
  80  11:00  Ghost  
  67  11:06  Missile Turret, Marine  
  58  11:12  Marine  
  58  11:13  Raven  
  58  11:17  Raven  
  61  11:23  Marine  
  62  11:26  Marine  
  62  11:32  SCV, Marine  
  58  11:35  SCV  
  58  11:38  SCV  
  58  11:39  Marine  
  44  11:41  SCV  
  44  11:44  SCV  
  44  11:45  Marine  
  45  11:52  Marine  
  41  11:58  Marine  
  30  12:05  Marine  
  20  12:08  SCV  
  20  12:11  Marine  
  14  12:18  Marine  
  14  12:21  SCV  
  16  12:24  SCV  
  16  12:25  Marine  
  6  13:08  Command Center  
  6  13:09  SCV  
  6  13:10  SCV  
  5  13:21  SCV  
  5  13:26  SCV  
Tags
 
Matchup
TvZ
Opening
Pool First
Spawn Locations
Cross Positions
Add a new tag
Caveats
  • Supply blocks, unpowered buildings, or Contaminate may cause inaccurate times.
  • Supply counts are checked every 10 seconds.